 Dungeon Sprint DCSS version 0.22.1-6-g1668fe2 (webtiles) character file.

2198 doot the Ripper (level 9, 0/49 HPs)
             Began as a Felid Berserker on Jan 24, 2019.
             Was the Champion of Trog.
             Slain by a lorocyproca (38 damage)
             ... in the Dungeon (Sprint I: "Red Sonja").
             The game lasted 00:03:50 (1117 turns).

doot the Ripper (Felid Berserker)                   Turns: 1117, Time: 00:03:51

Health: 0/49       AC:  2    Str: 16    XL:     9   Next: 12%
Magic:  10/10      EV: 32    Int:  9    God:    Trog [******]
Gold:   789        SH:  0    Dex: 16    Spells: 8/8 levels left
                                        Lives:  0   Deaths: 3

rFire    . . .     SeeInvis +     - Unarmed
rCold    . . .     Gourm    .   (shield unavailable)
rNeg     . . .     Faith    .   (armour unavailable)
rPois    .         Spirit   .   (helmet unavailable)
rElec    .         Reflect  .   (cloak unavailable)
rCorr    .         Harm     .   (gloves unavailable)
MR       +....     NoTele   +   (boots unavailable)
Stlth    +++++.....             (no amulet)
HPRegen  0.16/turn              i - ring of see invisible
MPRegen  0.12/turn              (no ring)

@: quick
A: very small, no armour, no weapons or thrown items, stealth, claws 1, fangs 3,
see invisible, carnivore, speed 1, shaggy fur 2, slow metabolism 1, sharp paws
a: Berserk, Trog's Hand, Brothers in Arms, Renounce Religion


You were in the Dungeon.
You worshipped Trog.
Trog was exalted by your worship.
You were not hungry.

You visited 1 branch You collected 789 gold pieces.

Inventory:

Jewellery
 i - a ring of see invisible (left paw)
Wands
 l - a wand of polymorph (11)
Scrolls
 g - a scroll of blinking
 h - a scroll of enchant weapon {unknown}
 j - a scroll of remove curse {unknown}
 o - a scroll of enchant armour {unknown}
Potions
 b - a potion of curing
 c - a potion of heal wounds
 d - a potion of haste
 e - 2 potions of magic
 f - a potion of berserk rage
 k - a potion of mutation {unknown}
 n - a potion of lignification {unknown}
Comestibles
 a - 2 rations
 m - 5 chunks of flesh


   Skills:
 + Level 11.9 Fighting
 + Level 16.5 Dodging
 + Level 10.5 Stealth
 + Level 17.2 Unarmed Combat


You had 8 spell levels left.
You didn't know any spells.
Your spell library was empty.

Dungeon Overview and Level Annotations

Branches:
Dungeon (1/1)

Altars:
Cheibriados
Dithmenos
Elyvilon
Fedhas
Gozag
Hepliaklqana
Kikubaaqudgha
Makhleb
Nemelex Xobeh
Okawaru
Qazlal
Ru
Sif Muna
Trog
Uskayaw
Vehumet
Wu Jian
Xom
Yredelemnul
Zin
The Shining One
Jiyva
Lugonu

Shops:
D (


Innate Abilities, Weirdness & Mutations

You cannot wear armour.
You are incapable of wielding weapons or throwing items.
Your paws allow you to move quietly. (Stealth)
You have sharp claws.
You have razor-sharp teeth.
You have supernaturally acute eyesight. (SInv)
You are carnivorous and can eat meat at any time.
You cover ground quickly.
You are covered in thick fur. (AC +2)
You have a slow metabolism.
Your sharp claws are effective at attacking unaware monsters.


Message History

The 12-headed hydra completely misses you.
You are now level 9!
You rejoin the land of the living...
Found a ration.
a - 2 rations (gained 1)
You open the door.
A lorocyproca comes into view.
Found 81 gold pieces.
A meliai comes into view. It is wielding a hand axe.
Found 54 gold pieces.
There is an open door here.
Found 27 gold pieces.
The lorocyproca gives a chilling moan.
You see here 27 gold pieces.
You mangle the lorocyproca!!
The lorocyproca is moderately wounded.
The meliai calls down the wrath of its god upon you.
Something smites you! The lorocyproca hits you!!!
Ouch! That really hurt!
You die...

###########################
_#.))...#..#§§§.'§§§T§†DG$#
.'..#...##§#§####§§.§§##$.+
_####...'§§#§#.###§§§## ###
##.§#####§§'§#'#$###+#
§≈(.#..##+####..$#y#
§§÷§)§.#§§. #..@###
§§.§#§.#.§§. +..$2$#
§#####+###§.§#.....# .[.#
...###++## +### ..## ..#


You could see a lorocyproca (invisible) and a meliai.

Vanquished Creatures
  2 centaur warriors (D)
  Sonja (D)
  A lindwurm (D)
  A gargoyle (D)
  2 kobold demonologists (D)
  4 demonic crawlers (D)
  A hornet (D)
  A slime creature (D)
  Sigmund (D)
  A yak (D)
  13 hogs (D)
  A floating eye (D)
  An ogre (D)
  A jelly (D)
  Ijyb (D)
32 creatures vanquished.

Notes
Turn   | Place    | Note
-------+----------+-------------------------------------------
     0 | D        | doot the Felid Berserker began the quest for the Orb.
     0 | D        | Reached XP level 1. HP: 10/10 MP: 2/2
     1 | D        | Noticed Ijyb
    10 | D        | Killed Ijyb
    10 | D        | Reached skill level 5 in Dodging
    10 | D        | Reached skill level 4 in Unarmed Combat
    10 | D        | Reached XP level 2. HP: 15/15 MP: 3/3
    48 | D        | Noticed an ogre
    51 | D        | Killed an ogre
    51 | D        | Reached skill level 5 in Fighting
    51 | D        | Reached skill level 1 in Stealth
    51 | D        | Reached skill level 6 in Unarmed Combat
    51 | D        | Reached XP level 3. HP: 20/20 MP: 4/4
    51 | D        | Reached XP level 4. HP: 24/24 MP: 5/5
   106 | D        | Noticed Sigmund
   111 | D        | Killed Sigmund
   111 | D        | Reached ** piety under Trog
   111 | D        | Reached skill level 10 in Dodging
   111 | D        | Reached skill level 8 in Unarmed Combat
   111 | D        | Reached XP level 5. HP: 28/28 MP: 6/6
   111 | D        | Gained mutation: You are covered in thick fur. (AC +2)
                  | [Felid growth]
   111 | D        | Reached XP level 6. HP: 33/33 MP: 7/7
   149 | D        | Found a deep blue altar of Sif Muna.
   150 | D        | Found an ornate altar of the Wu Jian Council.
   151 | D        | Found a radiant altar of Vehumet.
   205 | D        | Found a viscous altar of Jiyva.
   205 | D        | Found a corrupted altar of Lugonu.
   205 | D        | Noticed a slime creature
   206 | D        | Found a burning altar of Makhleb.
   206 | D        | Found a shimmering altar of Xom.
   215 | D        | Killed a slime creature
   215 | D        | Reached skill level 9 in Unarmed Combat
   238 | D        | Found Yleseid's Antique Weapon Emporium.
   238 | D        | Found an ancient bone altar of Kikubaaqudgha.
   238 | D        | Found a hazy altar of Hepliaklqana.
   238 | D        | Found a stormy altar of Qazlal.
   238 | D        | Found a hide-covered altar of Uskayaw.
   238 | D        | Found a blossoming altar of Fedhas.
   238 | D        | Found a bloodstained altar of Trog.
   238 | D        | Found an iron altar of Okawaru.
   238 | D        | Found a basalt altar of Yredelemnul.
   238 | D        | Found a glowing golden altar of the Shining One.
   238 | D        | Found a snail-covered altar of Cheibriados.
   238 | D        | Found a sacrificial altar of Ru.
   238 | D        | Found a glowing silver altar of Zin.
   238 | D        | Found a shadowy altar of Dithmenos.
   238 | D        | Found a white marble altar of Elyvilon.
   238 | D        | Noticed a yak
   239 | D        | Found an opulent altar of Gozag.
   240 | D        | Killed a yak
   240 | D        | Reached *** piety under Trog
   240 | D        | Reached skill level 10 in Unarmed Combat
   240 | D        | Reached XP level 7. HP: 37/37 MP: 8/8
   241 | D        | Found a sparkling altar of Nemelex Xobeh.
   252 | D        | Noticed Sonja
   256 | D        | Killed Sonja
   256 | D        | Reached skill level 5 in Stealth
   256 | D        | Reached skill level 11 in Unarmed Combat
   256 | D        | Reached XP level 8. HP: 43/43 MP: 9/9
   277 | D        | Noticed a centaur warrior
   280 | D        | Noticed a centaur warrior
   290 | D        | Killed a centaur warrior
   290 | D        | Reached skill level 10 in Fighting
   290 | D        | Reached skill level 12 in Unarmed Combat
   292 | D        | Mangled by a centaur warrior
   293 | D        | Reached XP level 7. HP: -8/60 MP: 8/8
   307 | D        | Noticed a hornet
   309 | D        | Killed a centaur warrior
   309 | D        | Reached **** piety under Trog
   309 | D        | Reached skill level 13 in Unarmed Combat
   309 | D        | Reached XP level 8. HP: 44/44 MP: 9/9
   314 | D        | Killed a hornet
   455 | D        | Noticed a kobold demonologist
   455 | D        | Noticed a kobold demonologist
   464 | D        | Killed a kobold demonologist
   464 | D        | Reached skill level 15 in Dodging
   464 | D        | Reached skill level 14 in Unarmed Combat
   464 | D        | Reached XP level 9. HP: 48/48 MP: 10/10
   474 | D        | Killed a kobold demonologist
   474 | D        | Reached ***** piety under Trog
   598 | D        | Noticed a demonic crawler
   598 | D        | Noticed a demonic crawler
   598 | D        | Noticed a demonic crawler
   598 | D        | Noticed a demonic crawler
   608 | D        | Killed a demonic crawler
   611 | D        | Killed a demonic crawler
   617 | D        | Killed a demonic crawler
   617 | D        | Reached skill level 15 in Unarmed Combat
   621 | D        | Slain by a demonic crawler
   622 | D        | Reached XP level 8. HP: -3/45 MP: 9/9
   633 | D        | Killed a demonic crawler
   774 | D        | Noticed a lindwurm
   776 | D        | Killed a lindwurm
   776 | D        | Reached XP level 9. HP: 49/49 MP: 10/10
   800 | D        | Noticed a gargoyle
   813 | D        | Killed a gargoyle
   813 | D        | Reached skill level 10 in Stealth
   874 | D        | Reached skill level 16 in Unarmed Combat
   897 | D        | Reached ****** piety under Trog
   940 | D        | Reached XP level 10. HP: 47/53 MP: 11/11
   944 | D        | Reached skill level 17 in Unarmed Combat
  1108 | D        | Noticed a 12-headed hydra
  1111 | D        | Slain by a 12-headed hydra
  1112 | D        | Reached XP level 9. HP: -5/49 MP: 10/10
  1113 | D        | Noticed a lorocyproca
  1114 | D        | Noticed a meliai
  1117 | D        | Slain by a lorocyproca

Skill      XL: |  1  2  3  4  5  6  7  8  9 10 |
---------------+-------------------------------+-----
Fighting       | 4 5 7 8 9 11 | 11.9
Dodging        | 5 7 10 11 14 15 16 | 16.5
Unarmed Combat | 4 6 8 10 13 14 16 17 | 17.2
Stealth        | 1 2 3 8 7 10 | 10.5

Action                   |  1- 3 |  4- 6 |  7- 9 | 10-12 || total
-------------------------+-------+-------+-------+-------++-------
Melee: Unarmed           |     8 |    14 |   114 |    11 ||   147
       Punch             |     2 |     1 |     8 |       ||    11
       Bite              |       |     5 |    16 |     1 ||    22
Invok: Berserk           |     2 |     2 |     3 |       ||     7
       Brothers in Arms  |       |       |       |     1 ||     1
 Stab: Sleeping          |     1 |     2 |     2 |       ||     5
  Eat: Chunk             |       |       |     6 |     4 ||    10
Armor: Skin              |       |       |     1 |       ||     1
Dodge: Dodged            |     5 |     8 |   136 |    24 ||   173
